 Dungeon Crawl Stone Soup version 0.28-a0-823-gb444dcf96d (webtiles) character file.

Game seed: 5630722044332358338

17446 siradein the Basher (level 12, -7/122 HPs)
             Began as a Troll Fighter on Nov 9, 2021.
             Was a Follower of Ru.
             Hit by a silver javelin thrown by a minotaur (29 damage)
             ... in a Gauntlet.
             The game lasted 01:14:25 (13186 turns).

siradein the Basher (Troll Fighter)                Turns: 13186, Time: 01:14:26

Health: -7/122     AC: 13    Str: 33    XL:     12   Next: 18%
Magic:  11/11      EV: 13    Int:  4    God:    Ru [*.....]
Gold:   938        SH: 10    Dex: 13    Spells: 9/11 levels left

rFire   . . .      SeeInvis .   M - +1 whip (flame)
rCold   . . .      Faith    .   c - +0 kite shield
rNeg    . . .      Spirit   .   D - +0 troll leather armour
rPois   .          Reflect  .   (helmet restricted)
rElec   .          Harm     .   w - +2 cloak {Will+}
rCorr   .          Rampage  .   (gloves unavailable)
Will    +....      NoTele   +   (boots unavailable)
Stlth   +.........              (no amulet)
HPRegen 2.30/turn               W - +4 ring of protection
MPRegen 0.12/turn               e - +6 ring of strength

@: mighty, unable to drink
A: large, unfitting armour, claws 3, regeneration 1, shaggy fur 1, tough skin 1,
inability to drink while threatened
a: Renounce Religion


You were in a Gauntlet.
You worshipped Ru.
Ru was aware of your devotion.
You visited 3 branches of the dungeon, and saw 14 of its levels.
You also visited: Gauntlet.

You collected 938 gold pieces.

Inventory:

Hand Weapons
 L - a +3 scimitar of flaming
 M - a +1 whip of flaming (weapon)
Missiles
 f - 21 boomerangs (quivered)
 s - 46 poisoned darts
 x - 11 javelins
 P - 7 large rocks
Armour
 c - a +0 kite shield (worn)
 w - a +2 cloak of willpower (worn)
 B - a scarf of resistance
 D - a +0 troll leather armour (worn)
Jewellery
 e - a +6 ring of strength (right claw)
 n - a ring of poison resistance
 K - a ring of protection from cold
 N - a ring of magical power
 Q - a ring of protection from cold
 W - a +4 ring of protection (left claw)
Wands
 a - a wand of iceblast (11)
 b - a wand of mindburst (30)
 C - a wand of flame (26)
Scrolls
 g - 4 scrolls of amnesia {unknown}
 h - a scroll of fear {unknown}
 i - 2 scrolls of enchant weapon {unknown}
 k - a scroll of silence {unknown}
 q - 5 scrolls of teleportation
 r - 3 scrolls of enchant armour {unknown}
 u - 3 scrolls of noise {unknown}
 v - 2 scrolls of blinking {unknown}
 y - 3 scrolls of holy word {unknown}
 z - 2 scrolls of torment {unknown}
 E - 2 scrolls of acquirement {unknown}
 F - 2 scrolls of fog {unknown}
 G - a scroll of magic mapping
 H - 2 scrolls of immolation {unknown}
 I - a scroll of brand weapon
 O - a scroll of vulnerability {unknown}
 S - a scroll of identify
Potions
 d - 2 potions of might
 j - 2 potions of mutation {unknown}
 l - a potion of berserk rage {unknown}
 m - 2 potions of haste {unknown}
 o - 6 potions of curing
 p - 6 potions of lignification
 t - 4 potions of flight
 A - 2 potions of ambrosia {unknown}
 J - a potion of brilliance {unknown}
 T - 2 potions of heal wounds {unknown}
 U - a potion of resistance
Miscellaneous
 R - a condenser vane


   Skills:
 + Level 8.9 Fighting
 + Level 9.5 Maces & Flails
 + Level 1.3 Armour
 + Level 9.0 Dodging
 + Level 8.9 Shields


You had 9 spell levels left.
You knew the following spells:

 Your Spells              Type           Power      Damage    Failure   Level
a - Wereblood             Tmut           0%         N/A       67%         2

Your spell library contained the following spells:

 Spells                   Type           Power      Damage    Failure   Level
 Summon Small Mammal      Summ           0%         N/A       54%         1
 Sublimation of Blood     Necr           0%         N/A       67%         2
 Call Canine Familiar     Summ           0%         N/A       88%         3
 Ignite Poison            Fire/Tmut/Pois 0%         N/A       88%         3
 Mephitic Cloud           Conj/Pois/Air  0%         N/A       88%         3
 Portal Projectile        Hex/Tloc       0%         N/A       88%         3
 Leda's Liquefaction      Hex/Erth       0%         N/A       99%         4
 Petrify                  Tmut/Erth      0%         N/A       99%         4
 Summon Ice Beast         Ice/Summ       0%         N/A       99%         4
 Freezing Cloud           Conj/Ice/Air   0%         6-21      100%        5
 Metabolic Englaciation   Hex/Ice        0%         N/A       100%        5
 Summon Mana Viper        Hex/Summ       0%         N/A       100%        5
 Iron Shot                Conj/Erth      0%         9d1       100%        6
 Statue Form              Tmut/Erth      0%         N/A       100%        6
 Monstrous Menagerie      Summ           0%         N/A       100%        7
 Summon Hydra             Summ           0%         N/A       100%        7
 Chain Lightning          Conj/Air       0%         N/A       100%        9


Dungeon Overview and Level Annotations

Branches:
Dungeon (11/15)            Temple (1/1) D:5            Lair (2/6) D:9
Gauntlet (1/1)
  Swamp: Lair:2-4    Shoals: Lair:2-4     Snake: Lair:2-4    Spider: Lair:2-4
    Orc: D:9-12

Altars:
Ashenzari
Cheibriados
Dithmenos
Elyvilon
Fedhas
Gozag
Hepliaklqana
Kikubaaqudgha
Makhleb
Nemelex Xobeh
Okawaru
Qazlal
Ru
Sif Muna
Trog
Uskayaw
Vehumet
Wu Jian
Xom
Yredelemnul
Zin
The Shining One

Shops:
D:1 *   D:3 [   D:4 *

Annotations:
D:6 2 transporters, JustinTrotter's ghost, novice MfGl
D:10 1 runed translucent door, Pooter's ghost, novice MiBe Gauntlet 10 transporters, exclusions: ice statue and 2 oklob plants


Innate Abilities, Weirdness & Mutations

You are too large for most types of armour.
You have claws for hands.
Your natural rate of healing is unusually fast.
You are covered in fur. (AC +1)
You have tough skin. (AC +1)
You sometimes lose the ability to drink potions when taking damage.


Message History

The orange demon screeches!
Partly explored, unvisited transporter.
Partly explored, unvisited transporter.
You start removing your armour.
You continue taking off your scarf of resistance. x4
You finish taking off your scarf of resistance.
You feel hot and cold all over.
You start putting on your armour.
You continue putting on your +2 cloak of willpower. x5
You finish putting on your +2 cloak of willpower.
You feel strong-willed.
There is a transporter here.
You enter the transporter and appear at another place.
You open the door.
A minotaur comes into view.
It is wielding the +12 glaive of Prune {vorpal}, wearing the ring "Ubidemis" {Fly rF+} and quivering silver javelins.
The minotaur bellows!
Found a sharpened glass wand and a plate armour.
You feel very mighty all of a sudden.
Found runed steam dragon scales and a blackened garnet ring.
Found a gate leading back out of this place.
The minotaur hits you with the +12 glaive of Prune {vorpal}!!
You block the minotaur's attack.
There is an open door, spattered with blood here.
You hit the minotaur.
The minotaur is lightly wounded.
The minotaur hits you with the +12 glaive of Prune {vorpal}!!!
You feel threatened and lose the ability to drink potions!
The minotaur gores you!
You are too injured to fight recklessly!
You are too injured to fight recklessly!
You are too injured to fight recklessly!
You barely miss the minotaur.
The minotaur furiously retaliates!
The minotaur headbutts you!!
* * * LOW HITPOINT WARNING * * *
The minotaur is lightly wounded.
The minotaur hits you from afar with the +12 glaive of Prune {vorpal}!
* * * LOW HITPOINT WARNING * * *
x2 The minotaur throws a silver javelin.
The silver javelin pierces through you!!
You die...

#[.=# #8.8# ####/.[####
###8.#8.8#.8### #....#...#....#
#.#..#8H8#..#.# #.#..##'##..#.#
#.............# #.#.##@#.##.#.#
#.#....#....#.#
###.#.#######.#.###
#§§..............≈# ###
#8.8.8.8.8.8.8.8.8# ### #8#
#§§..............≈# #8#
##########.#########.##########
#≈.......#.#..≈∩≈..#.#.......≈#
###........#©#.......#©#........#


You could see a minotaur.

Vanquished Creatures
  Erica (D:7)
  2 two-headed ogres
  Pikel (D:8)
  3 ugly things
  A cyclops (D:10)
  An ice statue (Gauntlet)
  An eye of devastation (Gauntlet)
  6 cane toads (Lair:1)
  An efreet (Gauntlet)
  2 rime drakes (Gauntlet)
  2 hornets (D:9)
  2 trolls
  Prince Ribbit (D:7)
  A shadow (D:5)
  2 wyverns
  3 fire elementals (Gauntlet)
  18 yaks
  A golden eye (Gauntlet)
  2 steam dragons
  An acid dragon (D:9)
  3 water moccasins
  A hell hound (Gauntlet)
  Duvessa (D:3)
  A floating eye (Gauntlet)
  A black bear (D:4)
  A hornet zombie (D:7)
  5 orc warriors
  An ice beast (D:6)
  A necrophage (D:4)
  6 centaurs
  3 ogres
  2 phantoms
  Blork the orc (D:4)
  3 kobold brigands
  A gnoll sergeant (D:8)
  2 bullfrogs
  3 scorpions (D:10)
  Dowan (D:3)
  8 wights
  A water moccasin skeleton (D:5)
  3 electric eels (D:8)
  A bullfrog zombie (D:5)
  6 centaur zombies
  3 hounds (D:6)
  A jelly (D:6)
  3 orc priests
  Crazy Yiuf (D:4)
  4 centaur skeletons
  Natasha (thrice) (D:4)
  2 iguanas
  5 orc wizards
  A hound skeleton (D:5)
  A howler monkey zombie (D:8)
  4 gnolls (D:8)
  8 adders
  2 white imps
  2 ufetubi
  An adder skeleton (D:3)
  7 dart slugs
  22 orcs
  9 endoplasms
  3 giant cockroaches
  7 goblins
  5 hobgoblins
  3 jackals (D:3)
  16 kobolds
  5 quokkas
  9 ball pythons
  3 bats
  3 frilled lizards
  7 rats
248 creatures vanquished.

Vanquished Creatures (others)
  A water moccasin (Lair:1)
  6 fungi
  22 plants
  14 withered plants (Gauntlet)
43 creatures vanquished.

Grand Total: 291 creatures vanquished

Notes
Turn   | Place    | Note
-------+----------+-------------------------------------------
     0 | D:1      | siradein the Troll Fighter began the quest for the Orb.
     0 | D:1      | Reached XP level 1. HP: 22/22 MP: 0/0
   130 | D:1      | Reached XP level 2. HP: 13/29 MP: 1/1
   283 | D:1      | Found Pomikyon's General Store.
   488 | D:2      | Reached XP level 3. HP: 36/36 MP: 2/2
   870 | D:3      | Found Ogost's Antique Armour Shop.
   893 | D:2      | Reached XP level 4. HP: 44/44 MP: 3/3
  1005 | D:2      | Found a faded altar of an unknown god.
  1541 | D:3      | Found a stormy altar of Qazlal.
  1876 | D:3      | Reached XP level 5. HP: 42/53 MP: 4/4
  2227 | D:4      | Noticed a necrophage
  2229 | D:4      | Noticed a black bear
  2237 | D:4      | Killed a necrophage
  2246 | D:4      | Killed a black bear
  2247 | D:4      | Reached XP level 6. HP: 56/61 MP: 5/5
  2285 | D:4      | Noticed Dowan
  2286 | D:4      | Noticed Duvessa
  2772 | D:3      | Killed Duvessa
  2773 | D:3      | Reached XP level 7. HP: 35/68 MP: 6/6
  2774 | D:3      | Killed Dowan
  2968 | D:4      | Found Beipte's Assorted Antiques.
  3138 | D:4      | Noticed Natasha
  3147 | D:4      | Killed Natasha
  3200 | D:4      | Noticed Blork the orc
  3236 | D:4      | Killed Blork the orc
  3315 | D:4      | Learned a level 2 spell: Wereblood
  3365 | D:4      | Found a runed translucent door.
  3366 | D:4      | Noticed Crazy Yiuf
  3478 | D:4      | Noticed Natasha
  3483 | D:4      | Killed Natasha
  3499 | D:4      | Noticed Natasha
  3504 | D:4      | Killed Natasha
  3519 | D:4      | Found a broken altar of Ashenzari.
  3661 | D:4      | Killed Crazy Yiuf
  3701 | D:5      | Entered Level 5 of the Dungeon
  3722 | D:5      | Reached XP level 8. HP: 79/79 MP: 7/7
  3893 | D:5      | Found a staircase to the Ecumenical Temple.
  3928 | Temple   | Entered the Ecumenical Temple
  4380 | D:5      | Found a glowing silver altar of Zin.
  4382 | D:5      | Noticed an angel
  4385 | D:5      | Found a shimmering altar of Xom.
  4611 | D:5      | Reached skill level 5 in Maces & Flails
  4611 | D:5      | Reached skill level 5 in Dodging
  4809 | D:5      | Reached skill level 5 in Fighting
  4856 | D:5      | Reached skill level 5 in Shields
  4887 | D:6      | Noticed a green ugly thing
  4912 | D:6      | Killed a green ugly thing
  4913 | D:6      | Reached XP level 9. HP: 88/88 MP: 8/8
  4990 | D:6      | Found a transporter.
  4990 | D:6      | Noticed JustinTrotter's ghost (novice MfGl)
  5002 | D:6      | Noticed a troll
  5177 | D:6      | Killed a troll
  5232 | D:6      | Noticed a green ugly thing
  5246 | D:6      | Killed a green ugly thing
  5335 | D:6      | Found a transporter.
  5484 | D:6      | Found a glowing golden altar of the Shining One.
  5781 | D:7      | Found a hide-covered altar of Uskayaw.
  5870 | D:7      | Noticed Prince Ribbit
  5901 | D:7      | Killed Prince Ribbit
  6329 | D:7      | Found a white marble altar of Elyvilon.
  6473 | D:8      | Noticed Erica
  6697 | D:7      | Killed Erica
  6773 | D:8      | Reached XP level 10. HP: 93/100 MP: 9/9
  7338 | D:8      | Noticed Pikel
  7382 | D:8      | Killed Pikel
  7420 | D:8      | Found an iron altar of Okawaru.
  7822 | D:9      | Paralysed by a hornet for 2 turns
  8196 | D:9      | Found a staircase to the Lair.
  8521 | D:10     | Entered Level 10 of the Dungeon
  8718 | D:10     | Found a sacrificial altar of Ru.
  8739 | D:10     | Noticed a cyclops
  8759 | D:10     | Killed a cyclops
  8789 | D:10     | Reached XP level 11. HP: 109/109 MP: 10/10
  8790 | D:10     | Became a worshipper of Ru the Awakened
  9089 | D:10     | Found a runed translucent door.
  9096 | D:10     | Found a blossoming altar of Fedhas.
  9133 | D:10     | Noticed Pooter's ghost (novice MiBe)
  9134 | D:10     | Noticed a spriggan rider
  9135 | D:10     | Identified the +3 trident of Spores {vorpal, Dex+4}
  9194 | D:10     | Found a bloodstained altar of Trog.
  9211 | D:10     | Noticed a two-headed ogre
  9227 | D:10     | Killed a two-headed ogre
  9746 | D:10     | Found an ancient bone altar of Kikubaaqudgha.
  9749 | D:10     | Found a snail-covered altar of Cheibriados.
  9934 | D:11     | Noticed a purple ugly thing
  9959 | D:11     | Killed a purple ugly thing
  9993 | D:11     | Noticed a two-headed ogre
 10064 | D:11     | Killed a two-headed ogre
 10289 | D:11     | Noticed a boulder beetle
 11161 | Lair:1   | Entered Level 1 of the Lair of Beasts
 11308 | Lair:1   | Gained mutation: You sometimes lose the ability to drink
                  | potions when taking damage. [Ru sacrifice]
 11308 | Lair:1   | Reached * piety under Ru
 12212 | Lair:1   | Reached XP level 12. HP: 97/122 MP: 11/11
 12270 | Lair:1   | You fall into a shaft and drop 1 floor!
 12274 | Lair:2   | Found a gate leading to a gauntlet.
 12283 | Gauntlet | Entered a Gauntlet
 12283 | Gauntlet | Found a transporter.
 12283 | Gauntlet | Found a transporter.
 12287 | Gauntlet | Found a transporter.
 12287 | Gauntlet | Found a transporter.
 12296 | Gauntlet | Found a transporter.
 12315 | Gauntlet | Found a transporter.
 12325 | Gauntlet | Found a transporter.
 12325 | Gauntlet | Found a transporter.
 12328 | Gauntlet | Noticed a green death
 12349 | Gauntlet | Found a transporter.
 12356 | Gauntlet | Found a transporter.
 12368 | Gauntlet | Found a transporter.
 12416 | Gauntlet | Found a transporter.
 12425 | Gauntlet | Found a transporter.
 12427 | Gauntlet | Noticed a death scarab
 12443 | Gauntlet | Found a transporter.
 12542 | Gauntlet | Found a transporter.
 12558 | Gauntlet | Found a transporter.
 12874 | Gauntlet | Got the Volume of Supportive Confrontation
 12987 | Gauntlet | Reached skill level 1 in Armour
 13134 | Gauntlet | Identified the -2 pair of boots of Somewhere Else {rF+
                  | Dex-4 Stlth+}
 13180 | Gauntlet | Identified the ring "Ubidemis" {Fly rF+}
 13180 | Gauntlet | Noticed a minotaur
 13186 | Gauntlet | Hit by a silver javelin thrown by a minotaur

Illustrated notes

Levels and vault maps discovered:
D:1:      sevenhm_arrival_forest_fort_small_3, layout_rooms, serial_shops, shop,
          wad_floor_pattern_untrapped
D:2:      minmay_chambers_of_twos, layout_basic,
          chequers_ecumenical_altar_twisty
D:3:      layout_basic, lemuel_doored_altar, serial_shops, shop, serial_curves,
          eino_curves_02, eino_curves_03, st_stairs_1
D:4:      layout_cave_pools, mainiacjoe_overflow_24_doors, serial_shops,
          nicolae_shop_waterfront, minmay_starry_boxes, uniq_crazy_yiuf_cottage,
          uniq_natasha, uniq_duvessa, uniq_blork_the_orc
D:5:      layout_loops_ring, grunt_temple_overflow_order_and_chaos_1,
          minmay_temple_entry_junction, chequers_garden,
          minmay_misc_feat_rugged, minivault_27
D:6:      layout_rooms, tso_oasis_becter, gammafunk_ghost_arena, kb_rosetta
D:7:      layout_basic, lemuel_tele_altar, lemuel_crystal_altar,
          uniq_prince_ribbit1
D:8:      layout_rooms, kennysheep_little_box, serial_bayou,
          serial_bayou_crossing, serial_bayou_shore_a, serial_bayou_pond_c,
          serial_bayou_pond_c, dk_noncrumbling_2, uniq_pikel, uniq_erica
D:9:      layout_basic, lair_entry_dummy
D:10:     layout_basic, mainiacjoe_overflow_small_starburst,
          grunt_temple_overflow_open, trog_butcher_becter,
          ebering_ghost_funeral_grove
D:11:     layout_rooms
Temple:   compressed_dpeg_triangle_lava_temple
Lair:1:   layout_long_grid, chequers_serial_rivers_micro_b,
          chequers_serial_rivers_micro_e, st_stairs_7, beast_lair_carwin_9
Lair:2:   layout_roguey [special_room_bee], gauntlet_entry_generic
Gauntlet: gammafunk_gauntlet_branching [gammafunk_gauntlet_arena_grid,
          gammafunk_gauntlet_arena_split_x, gammafunk_gauntlet_arena_corners,
          nicolae_gauntlet_arena_grate_2, gammafunk_gauntlet_arena_teeth,
          gammafunk_gauntlet_arena_arrow_garden,
          gammafunk_gauntlet_arena_split_diamond, nicolae_gauntlet_swirl,
          nicolae_gauntlet_exit_dead_adventurers]

Skill      XL: |  1  2  3  4  5  6  7  8  9 10 11 12 |
---------------+-------------------------------------+-----
Maces & Flails | 2 3 4 5 6 8 9 |  9.5
Dodging        | 3 4 5 6 7 8 9 |  9.0
Fighting       | 3 4 5 6 7 8 |  8.9
Shields        | 3 4 5 6 7 8 |  8.9
Armour         | 1 |  1.3

Action                   |  1- 3 |  4- 6 |  7- 9 | 10-12 || total
-------------------------+-------+-------+-------+-------++-------
Melee: Flail             |   114 |   191 |   349 |   201 ||   855
       Whip              |       |       |       |  1033 ||  1033
Throw: Dart              |       |       |     8 |     8 ||    16
       Boomerang         |       |       |       |     6 ||     6
Invok: Sacrifice Drink   |       |       |       |     1 ||     1
  Use: Scroll            |       |       |       |     7 ||     7
       Potion            |       |       |       |     1 ||     1
Armor: Robe              |    66 |    56 |    32 |       ||   154
       Steam dragon scal |       |       |    50 |       ||    50
       Skin              |       |       |     4 |       ||     4
       Troll leather arm |       |       |    43 |   444 ||   487
Dodge: Dodged            |    37 |   105 |   127 |   449 ||   718
Block: Kite shield       |    53 |   115 |   166 |   507 ||   841

Table legend: (Time is in decaauts)
 A = Elapsed time spent in this place.
 B = Non-inter-level travel time spent in this place.
 C = Inter-level travel time spent in this place.
 D = Time resting spent in this place.
 E = Time spent auto-exploring this place.
 F = Levels seen in this place.
 G = Mean time per level.
                   A        B        C        D        E       F      G
               +--------+--------+--------+--------+--------+-----+--------+
         Total |  13241 |  12906 |    335 |    795 |   7293 |  15 |  882.7 |
       Dungeon |  11175 |  10841 |    334 |    758 |   6001 |  11 | 1015.9 |
        Temple |    196 |    196 |      0 |      0 |    185 |   1 |  196.0 |
          Lair |   1045 |   1045 |      0 |      0 |    773 |   2 |  522.5 |
      Gauntlet |    823 |    823 |      0 |     37 |    333 |   1 |  823.0 |
               +--------+--------+--------+--------+--------+-----+--------+

Top non-repeatable levels by time:
     D:3: 1446 daAuts
     D:7: 1268 daAuts
     D:9: 1198 daAuts
     D:8: 1109 daAuts
  Lair:1: 1033 daAuts
    D:10: 1025 daAuts
    D:11: 991 daAuts
     D:5: 973 daAuts
     D:4: 959 daAuts
     D:2: 947 daAuts
Gauntlet: 823 daAuts
     D:6: 739 daAuts
     D:1: 517 daAuts
  Temple: 196 daAuts
  Lair:2: 12 daAuts
